 Dungeon Crawl Stone Soup version 0.28.0-53-g5a82cb258f (webtiles) character file.

Game seed: 16585604470096583187

455 Gabide the Archer (level 6, 0/38 HPs)
             Began as a Deep Elf Hunter on June 17, 2022.
             Slain by an orc
             ... wielding a +0 whip
              (5 damage)
             ... on level 4 of the Dungeon.
             The game lasted 00:06:44 (4409 turns).

Gabide the Archer (Deep Elf Hunter)                 Turns: 4409, Time: 00:06:45

Health: 0/38       AC:  3    Str: 11    XL:     6   Next: 76%
Magic:  8/8        EV: 12    Int: 16    God:
Gold:   171        SH:  0    Dex: 15    Spells: 5/5 levels left

rFire   . . .      SeeInvis .   a - +1 shortbow
rCold   . . .      Faith    .   (shield currently unavailable)
rNeg    . . .      Spirit   .   c - +0 leather armour
rPois   .          Reflect  .   (no helmet)
rElec   .          Harm     .   (no cloak)
rCorr   .          Rampage  .   (no gloves)
Will    .....                   (no boots)
Stlth   ++........              (no amulet)
HPRegen 0.12/turn               (no ring)
MPRegen 0.11/turn               (no ring)

@: lethally poisoned (0 -> -2)
A: no striking features
a: no special abilities


You were on level 4 of the Dungeon.
You visited 1 branch of the dungeon, and saw 4 of its levels.

You collected 171 gold pieces.

Inventory:

Hand Weapons
 a - a +1 shortbow (weapon)
 b - a +0 short sword
Missiles
 d - 44 arrows (quivered ammo)
Armour
 c - a +0 leather armour (worn)
Jewellery
 e - an amulet of reflection
Wands
 k - a wand of acid (4)
Scrolls
 g - a scroll of enchant armour {unknown}
 h - a scroll of identify
 j - a scroll of blinking {unknown}
 m - a scroll of noise {unknown}
 p - a scroll of immolation
 q - a scroll of fog {unknown}
 s - a scroll of torment {unknown}
 t - a scroll of enchant weapon {unknown}
Potions
 l - a potion of degeneration
 n - a potion of attraction {unknown}
 r - a potion of haste {unknown}


   Skills:
 + Level 4.1 Fighting
 - Level 2.0 Short Blades
 + Level 8.3 Bows
 - Level 2.4 Dodging
 - Level 1.2 Stealth


You had 5 spell levels left.
You didn't know any spells.
Your spell library contained the following spells:

 Spells                   Type           Power      Damage    Failure   Level
 Magic Dart               Conj           0%         1d3       32%         1
 Searing Ray              Conj           0%         2d4       45%         2
 Fulminant Prism          Conj/Hex       0%         3d6       97%         4


Dungeon Overview and Level Annotations

Branches:
Dungeon (4/15)
 Temple: D:4-7

Altars:
Hepliaklqana

Shops:
D:1 (*[:*   D:4 :


Message History

You feel magically purged.
You feel less confused.
It was a potion of ambrosia.
You are confused.
You feel invigorated.
The orc hits you with a +2 war axe of venom.
You are poisoned.
You feel very sick.
You barely miss the orc.
You feel very sick.
The orc wizard hits you but does no damage.
The orc hits you with a +2 war axe of venom!
The orc wizard casts a spell at you. The puff of flame hits you.
The orc closely misses you.
You feel sick.
The orc wizard hits you but does no damage.
You're too confused to move!
You feel sick. The orc hits you with a +0 whip.
The orc wizard hits you with a +0 dagger.
The orc barely misses you.
You miss the orc wizard.
You feel sick. The orc closely misses you.
The orc wizard hits you with a +0 dagger.
The orc hits you with a +2 war axe of venom!
* * * LOW HITPOINT WARNING * * *
The orc hits you with a +0 whip.
* * * LOW HITPOINT WARNING * * *
Unknown command.
You feel less invigorated.
You feel less confused.
You feel sick.
The orc wizard hits you with a +0 dagger.
* * * LOW HITPOINT WARNING * * *
The orc hits you with a +0 whip.
* * * LOW HITPOINT WARNING * * *
Okay, then.
As you read the scroll labelled FELASE MYXAE, it crumbles to dust.
It is a scroll of identify.
l - a potion of degeneration You feel sick.
The orc wizard misses you. The orc barely misses you.
The orc hits you with a +0 whip.
You die...

####### ..(..
... ##+###(###
#####........#
.........oo..#
.........@o..+
.............#
.....##'#.....#
######..#.....#
#...'...#.....#
#...#...#.....+
#...##..#.....#
#...##+##......
##'##


You could see an orc wizard and 2 orcs.

Vanquished Creatures
  A water moccasin (D:4)
  An ogre (D:3)
  An orc priest (D:3)
  3 iguanas
  An orc wizard (D:3)
  3 gnolls (D:4)
  5 adders
  2 worms
  A dart slug (D:2)
  An orc (D:3)
  3 endoplasms
  5 goblins
  6 hobgoblins
  8 kobolds
  2 quokkas (D:1)
  4 ball pythons
  5 bats
  A frilled lizard (D:2)
  7 rats
60 creatures vanquished.

Notes
Turn   | Place    | Note
-------+----------+-------------------------------------------
     0 | D:1      | Gabide the Deep Elf Hunter began the quest for the Orb.
     0 | D:1      | Reached XP level 1. HP: 12/12 MP: 3/3
    21 | D:1      | Found Rucw's Armour Shoppe.
    39 | D:1      | Found Penuic Por's Assorted Antiques.
   345 | D:1      | Found Dejo Gei's Book Shop.
   416 | D:1      | Reached XP level 2. HP: 16/17 MP: 4/4
   633 | D:1      | Found Teeshrea's General Store.
  1162 | D:1      | Found Tajau's Antique Weapon Boutique.
  1557 | D:2      | Reached skill level 6 in Bows
  1805 | D:2      | Reached XP level 3. HP: 22/22 MP: 5/5
  2508 | D:3      | Reached XP level 4. HP: 27/27 MP: 6/6
  2809 | D:3      | Found a faded altar of an unknown god.
  2978 | D:3      | Noticed an ogre
  2984 | D:3      | Killed an ogre
  2985 | D:3      | Reached skill level 7 in Bows
  2985 | D:3      | Reached XP level 5. HP: 32/32 MP: 7/7
  3791 | D:3      | Reached skill level 1 in Short Blades
  4032 | D:4      | Reached XP level 6. HP: 38/38 MP: 8/8
  4156 | D:4      | Noticed a water moccasin
  4163 | D:4      | Killed a water moccasin
  4164 | D:4      | Reached skill level 8 in Bows
  4260 | D:4      | Found Baworeg's Book Boutique.
  4273 | D:4      | Found a hazy altar of Hepliaklqana.
  4409 | D:4      | Slain by an orc

Illustrated notes

Levels and vault maps discovered:
D:1:      dpeg_arrival_ratfight, layout_loops_corners, serial_shops,
          nicolae_shop_trees, shop, shop, nicolae_shop_trees,
          nicolae_shop_hallway_stairs, lemuel_old_faithful
D:2:      layout_rooms
D:3:      layout_basic, hellmonk_ecumenical_altar_blasted, st_stairs_3,
          hangedman_decor_slide_cut
D:4:      layout_gridville, mainiacjoe_overflow_alcove_2, serial_rivers,
          chequers_serial_rivers_marsh, chequers_serial_rivers_micro_d,
          chequers_serial_rivers_small_b, chequers_serial_rivers_large_a,
          chequers_serial_rivers_micro_d, serial_shops, shop

Skill      XL: |  1  2  3  4  5  6 |
---------------+-------------------+-----
Fighting       | 2 3 4 |  4.1
Bows           | 6 7 8 |  8.3
Short Blades   | 1 2 |  2.0
Dodging        | |  2.4
Stealth        | |  1.2

Action                   |  1- 3 |  4- 6 || total
-------------------------+-------+-------++-------
Melee: Short sword       |    65 |    18 ||    83
       Shortbow          |       |     2 ||     2
 Fire: Shortbow          |    67 |    98 ||   165
  Use: Potion            |       |     3 ||     3
       Scroll            |       |     1 ||     1
 Stab: Sleeping          |     2 |       ||     2
Armor: Leather armour    |    22 |    11 ||    33
Dodge: Dodged            |    53 |    26 ||    79
